Map: Romanticide LE

Players

HeroMarine

  • Race: Terran Terran
  • League: Grandmaster
  • Spawn Location: 5:00

Lambo - Winner!

  • Race: Zerg Zerg
  • League: Master
  • Spawn Location: 11:00

Event: DreamHack SC2 Masters 2020 Winter

VOD

Have the link to the VOD?

Description

Time

  • Played on: Oct. 31, 2020, 1:22 p.m.
  • Length: 17:04

All games in this series

Show
View Real Time Build Order
Export as new Build Order

HeroMarine Terran 

Build Orders: Reaper Expand 

Get SALT Encoding   

  12  0:00  SCV  
  13  0:12  SCV  
  14  0:16  Supply Depot  
  14  0:24  SCV  
  15  0:38  SCV  
  15  0:39  Barracks  
  16  0:43  Refinery  
  16  0:50  SCV  
  17  1:02  SCV  
  18  1:14  SCV  
  19  1:27  Reaper, Orbital Command  
  20  1:38  Command Center  
  20  1:48  Supply Depot  
  20  1:52  SCV  
  21  1:58  Marine  
  22  2:04  SCV  
  23  2:12  Factory  
  23  2:16  SCV  
  25  2:23  Barracks Reactor  
  25  2:28  SCV  
  25  2:40  SCV  
  25  2:41  Command Center  
  25  2:51  Orbital Command  
  26  2:53  SCV  
  26  2:58  Starport  
  27  3:04  Refinery  
  27  3:05  SCV  
  28  3:09  Hellion  
  28  3:11  Hellion  
  32  3:17  SCV x2  
  34  3:29  SCV x2  
  34  3:30  Hellion  
  34  3:33  Viking, Hellion  
  42  3:36  Barracks Tech Lab  
  42  3:41  SCV  
  42  3:42  SCV  
  44  3:53  SCV, Orbital Command  
  44  3:54  SCV  
  46  4:00  Barracks  
  46  4:01  Barracks  
  46  4:02  Stimpack  
  46  4:05  SCV  
  46  4:06  SCV  
  48  4:10  Starport Reactor  
  48  4:11  Marine, Factory Tech Lab  
  49  4:17  SCV  
  49  4:18  SCV  
  49  4:20  SCV  
  52  4:24  Supply Depot  
  52  4:29  Marine  
  52  4:30  SCV x2  
  55  4:32  SCV  
  56  4:39  Engineering Bay  
  56  4:40  Engineering Bay, Refinery  
  56  4:42  SCV x2, Refinery  
  56  4:44  SCV  
  59  4:46  Marine, Siege Tank  
  59  4:49  Marine  
  64  4:54  SCV, Starport Reactor  
  64  4:55  SCV, Supply Depot  
  64  4:58  Orbital Command  
  66  5:00  Supply Depot  
  66  5:04  Marine x3  
  69  5:08  Terran Infantry Weapons Level 1  
  69  5:10  Terran Infantry Armor Level 1  
  69  5:15  Supply Depot  
  69  5:16  SCV x2, Marine  
  69  5:19  Marine  
  73  5:22  Marine, Siege Tank  
  73  5:25  SCV  
  73  5:26  Marine x2  
  80  5:28  SCV x2  
  80  5:31  Supply Depot  
  82  5:37  SCV  
  82  5:38  Medivac  
  82  5:40  SCV x2, Medivac  
  89  5:45  Supply Depot  
  89  5:48  Combat Shield  
  89  5:49  SCV  
  90  5:52  SCV  
  90  5:54  SCV, Barracks x2  
  90  5:55  Marine x2  
  94  5:58  Marine x3  
  94  6:02  SCV  
  98  6:05  SCV  
  98  6:06  SCV  
  98  6:07  Siege Tank  
  98  6:08  Supply Depot  
  103  6:12  Supply Depot  
  103  6:13  Marine x2  
  103  6:16  Marine x3  
  103  6:18  SCV  
  109  6:19  SCV  
  109  6:27  SCV, Medivac x2  
  109  6:31  Marine x2  
  116  6:34  Supply Depot, Marine x2  
  116  6:36  Armory, Supply Depot  
  116  6:37  SCV x2  
  116  6:38  Marine  
  116  6:39  SCV  
  122  6:48  Refinery, Marine x2  
  122  6:53  Marine x2  
  118  6:54  Siege Tank  
  118  6:56  Marine  
  118  7:00  Barracks Reactor x2, Factory  
  122  7:06  Marine x2  
  121  7:10  Medivac  
  121  7:11  Marine x2  
  121  7:13  Marine  
  126  7:16  SCV x2  
  126  7:17  Refinery  
  126  7:21  Medivac, Command Center  
  130  7:24  Marine x2  
  130  7:25  SCV  
  130  7:28  SCV x2, Supply Depot, Marine x2  
  137  7:31  Marine  
  141  7:37  Marine  
  141  7:38  Marine  
  141  7:42  Terran Infantry Armor Level 2, Marine x2, Terran Infantry Weapons Level 2  
  141  7:44  Marine  
  140  7:46  Marine x2  
  143  7:51  Marine  
  143  7:52  Marine  
  143  7:55  Marine  
  145  7:59  Marine, Siege Tank  
  145  8:00  Medivac, Marine x2, Factory Tech Lab  
  145  8:02  Supply Depot, Marine, Medivac  
  145  8:04  Marine  
  157  8:13  Supply Depot  
  157  8:22  Marine x2  
  157  8:23  Marine x2, Sensor Tower  
  157  8:24  Siege Tank  
  157  8:27  Marine x4  
  157  8:28  Marine  
  157  8:29  Terran Vehicle Weapons Level 1  
  157  8:32  Medivac  
  164  8:40  Marine  
  164  8:41  Marauder, Barracks  
  167  8:42  Barracks, Siege Tank  
  167  8:43  Barracks  
  167  8:48  Marine x3  
  171  8:51  Marine  
  171  8:52  Marine x2  
  171  8:53  SCV x2  
  176  8:56  Marine  
  176  8:57  Marine  
  176  8:58  Siege Tank  
  176  8:59  SCV  
  176  9:01  Marine  
  182  9:04  Planetary Fortress  
  182  9:05  SCV x2  
  182  9:06  Marine  
  185  9:11  SCV  
  185  9:14  Marine x2  
  186  9:17  SCV x2  
  186  9:22  Supply Depot  
  186  9:23  Medivac, Marauder, Marine, Siege Tank  
  196  9:31  Supply Depot, Marine x3  
  196  9:32  Siege Tank  
  196  9:35  Barracks Tech Lab x2  
  196  9:36  Barracks Tech Lab  
  196  9:43  Marine  
  196  9:44  Marauder  
  196  9:45  Marine  
  199  10:02  Terran Infantry Weapons Level 3, Terran Infantry Armor Level 3  
  199  10:05  Command Center  
  199  10:06  Command Center  
  199  10:13  Marine  
  200  10:20  Siege Tank  
  200  10:21  Marine x3  
  198  10:22  Marine  
  190  10:32  Barracks x2  
  190  10:33  Barracks  
  188  10:36  Sensor Tower  
  188  10:47  Marauder  
  187  10:52  Marauder x2, Marine x3  
  187  10:53  Marine x2  
  187  10:55  Medivac x2, Siege Tank x2  
  186  10:58  Marauder, Marine x2  
  186  11:02  Terran Vehicle And Ship Armor Level 1  
  186  11:04  Marine  
  186  11:08  Marauder  
  186  11:10  Marine x4  
  186  11:11  Marine  
  177  11:14  Marauder x2  
  177  11:16  Marine x2  
  158  11:19  Marauder  
  158  11:20  Orbital Command  
  158  11:22  Marine  
  158  11:27  Marine, Siege Tank x2  
  158  11:28  Marine x2  
  158  11:30  Marauder  
  158  11:32  Marine x2  
  169  11:34  Marine x2  
  169  11:35  Marauder x2  
  169  11:39  Marine  
  175  11:41  Marauder  
  175  11:43  Barracks Reactor, Barracks Tech Lab  
  175  11:44  Barracks Tech Lab  
  175  11:45  Marine  
  175  11:46  Marine x2  
  181  11:49  SCV x3  
  181  11:50  Marine  
  181  11:51  Marauder  
  181  11:52  Marine  
  181  11:53  Marine  
  189  11:56  Marauder  
  189  11:57  Marauder  
  189  11:59  Siege Tank x2  
  199  12:05  Ghost Academy, Marine  
  199  12:07  Factory  
  200  12:09  Planetary Fortress  
  200  12:10  Unknown  
  200  12:14  Missile Turret  
  198  12:22  Marauder  
  200  12:28  Command Center  
  200  12:31  Siege Tank  
  200  12:35  Marine  
  200  12:40  Marauder  
  196  12:53  Marauder  
  196  12:56  Marauder x2, Marine x2  
  196  12:57  Medivac x2  
  196  12:58  Siege Tank  
  195  13:00  Marauder  
  195  13:01  Marauder, Command Center  
  199  13:12  Command Center  
  199  13:13  Enhanced Shockwaves, Factory Tech Lab  
  187  13:20  Marauder  
  187  13:25  Terran Vehicle Weapons Level 2, Marauder x2  
  187  13:26  Hi-Sec Auto Tracking, Neosteel Armor  
  187  13:44  Marauder  
  187  13:46  Liberator, Siege Tank x2  
  187  13:47  Marine x9, Liberator  
  191  13:51  Marauder  
  191  13:53  Marauder  
  191  13:54  SCV x2  
  175  13:55  SCV  
  175  13:56  SCV  
  175  13:57  SCV x2  
  175  13:58  Marauder x2  
  173  14:03  Marauder  
  173  14:05  Concussive Shells, Marine x2  
  173  14:06  Marine x3  
  173  14:07  Marine  
  173  14:08  Marauder  
  179  14:11  Marine  
  179  14:12  Marauder, Marine  
  179  14:14  Marine x2  
  179  14:15  Marauder  
  166  14:17  Siege Tank  
  166  14:19  Marine  
  166  14:20  Orbital Command  
  166  14:21  Marine  
  166  14:23  Marine  
  174  14:31  Marauder  
  174  14:32  Marine  
  174  14:33  Marine  
  174  14:34  Marauder x2  
  174  14:35  Siege Tank  
  183  14:38  Liberator  
  183  14:40  Siege Tank  
  183  14:42  Orbital Command  
  189  14:47  Marauder  
  189  14:49  Marauder  
  187  14:54  Marauder  
  187  14:55  Marine x2  
  187  14:58  Siege Tank  
  170  15:04  Marauder  
  170  15:06  Marine x2  
  170  15:07  Siege Tank  
  161  15:10  Marine x2  
  161  15:11  Marauder, Marine  
  161  15:12  Marauder, Siege Tank  
  173  15:14  Marauder  
  173  15:16  Marine x2  
  154  15:30  Marauder  
  155  15:36  Marauder x2, Marine x2  
  155  15:39  Siege Tank  
  151  15:44  Marauder  
  151  15:45  Marine x2  
  151  15:46  Orbital Command  
  151  15:47  SCV x2, Siege Tank  
  151  15:48  SCV x2  
  140  15:55  Marauder  
  140  15:56  Marauder, Marine x3  
  140  15:57  Marauder  
  140  16:00  SCV x2  
  140  16:02  Planetary Fortress  
  140  16:03  Marine  
  145  16:05  Marauder  
  145  16:10  Marauder x2, Marine  
  152  16:13  Unknown  
  152  16:15  Siege Tank  
  152  16:17  Marauder  
  157  16:23  Marauder  
  157  16:25  Marauder  
  161  16:26  Marine x2  
  161  16:29  Marauder  
  161  16:30  Siege Tank  
  161  16:32  Marine x2  
  150  16:39  Marauder, Marine x4  
  145  16:41  Marauder  
Show
View Real Time Build Order
Export as new Build Order

Lambo Zerg - Winner!

Build Orders: Hatch First, Lurkers 

Get SALT Encoding   

  12  0:00  Drone  
  13  0:12  Overlord  
  13  0:17  Drone  
  14  0:31  Drone x2  
  16  0:47  Hatchery  
  15  0:51  Drone  
  15  0:54  Drone  
  17  0:57  Drone  
  18  1:08  Extractor  
  17  1:12  Spawning Pool  
  17  1:16  Drone  
  17  1:18  Drone  
  18  1:28  Drone  
  19  1:38  Drone  
  20  1:49  Drone  
  21  1:59  Queen  
  21  2:00  Zergling x4, Queen  
  27  2:10  Drone  
  27  2:11  Overlord  
  28  2:21  Hatchery  
  27  2:25  Drone  
  28  2:31  Drone  
  28  2:35  Extractor  
  28  2:36  Drone  
  29  2:37  Drone, Metabolic Boost  
  31  2:45  Drone  
  31  2:50  Overlord  
  31  2:52  Queen  
  33  2:59  Drone  
  34  3:08  Drone x6  
  40  3:13  Queen  
  40  3:19  Drone  
  43  3:23  Overlord  
  43  3:26  Overlord  
  43  3:35  Queen  
  43  3:37  Drone  
  43  3:41  Zergling x4, Drone  
  47  3:42  Zergling x2, Overlord  
  47  3:44  Drone  
  51  3:50  Drone  
  51  3:54  Queen, Drone  
  51  3:55  Drone  
  56  3:57  Drone  
  56  4:02  Overlord  
  57  4:04  Zergling x2  
  57  4:08  Drone x4  
  62  4:14  Drone  
  62  4:16  Extractor  
  61  4:19  Drone x2  
  61  4:20  Evolution Chamber  
  61  4:21  Evolution Chamber  
  61  4:22  Drone x2  
  61  4:24  Drone x2  
  65  4:25  Overlord  
  65  4:29  Drone x2  
  65  4:30  Drone  
  68  4:31  Drone  
  68  4:36  Drone  
  70  4:38  Zergling x2  
  70  4:39  Baneling Nest  
  70  4:41  Zergling x2  
  70  4:43  Drone  
  70  4:44  Drone  
  70  4:45  Drone  
  74  4:47  Zerg Ground Armor Level 1  
  74  4:49  Overlord  
  74  4:51  Zerg Melee Weapons Level 1  
  74  4:55  Zergling x2  
  74  4:56  Zergling x4  
  74  4:57  Drone x2  
  74  4:58  Drone  
  81  5:00  Drone  
  81  5:06  Extractor x2  
  79  5:10  Drone x3  
  79  5:11  Lair  
  79  5:12  Drone x2  
  84  5:15  Drone  
  84  5:18  Hatchery  
  84  5:21  Overlord  
  84  5:22  Zergling x4  
  84  5:23  Drone  
  84  5:27  Overlord, Extractor  
  86  5:29  Overlord  
  86  5:31  Overlord  
  86  5:33  Overlord  
  86  5:40  Drone x4  
  90  5:47  Overlord  
  90  5:52  Drone  
  90  5:54  Zergling x12  
  97  5:57  Zergling x2  
  97  6:00  Zergling x8  
  102  6:04  Zergling x2  
  102  6:07  Queen  
  102  6:10  Zergling x2  
  106  6:14  Zergling x8  
  110  6:19  Zergling x2  
  110  6:20  Zergling x2  
  110  6:24  Baneling x9  
  112  6:26  Overlord  
  112  6:27  Zergling x4  
  112  6:28  Centrifical Hooks  
  112  6:30  Overlord  
  112  6:32  Hydralisk Den  
  112  6:37  Drone x5  
  112  6:38  Baneling x4  
  117  6:44  Overlord x2  
  117  6:45  Overlord  
  117  6:46  Overlord  
  113  6:59  Overlord  
  113  7:00  Overlord  
  113  7:01  Zerg Melee Weapons Level 2  
  113  7:02  Zerg Ground Armor Level 2  
  113  7:03  Zergling x16  
  113  7:04  Zergling x2  
  118  7:08  Drone x2  
  118  7:09  Drone x3  
  118  7:12  Zergling x6  
  118  7:13  Extractor  
  118  7:14  Pneumatized Carapace, Overseer  
  124  7:16  Drone x2  
  126  7:24  Zergling x6  
  126  7:29  Zergling x8  
  133  7:33  Grooved Spines  
  133  7:36  Hatchery  
  132  7:37  Drone x4  
  132  7:43  Drone x6  
  139  7:46  Extractor  
  139  7:47  Zergling x6, Spore Crawler  
  139  7:49  Zergling x8  
  144  7:56  Infestation Pit  
  144  7:57  Overlord  
  138  7:59  Overlord  
  138  8:00  Overlord  
  136  8:08  Overlord  
  136  8:09  Overlord  
  135  8:14  Queen, Hydralisk x3  
  143  8:20  Hydralisk x7  
  143  8:25  Hydralisk x5  
  159  8:28  Extractor  
  159  8:30  Drone x2  
  159  8:33  Hive  
  160  8:36  Lurker Den  
  160  8:37  Hydralisk x2  
  160  8:38  Zergling x4  
  165  8:41  Baneling x4  
  165  8:42  Hydralisk  
  165  8:43  Zergling x2  
  165  8:46  Zergling x8  
  168  8:49  Overlord  
  168  8:50  Zergling x6  
  168  8:53  Drone x2  
  173  8:57  Overlord  
  173  8:59  Overlord  
  173  9:01  Overlord  
  173  9:05  Overlord  
  173  9:07  Overseer  
  173  9:08  Overseer  
  173  9:11  Drone x5  
  173  9:12  Overlord  
  173  9:16  Overlord  
  178  9:19  Drone x3  
  178  9:21  Hydralisk x3, Drone x3  
  178  9:22  Zergling x2  
  178  9:23  Baneling x4  
  191  9:25  Zerg Missile Weapons Level 1  
  190  9:32  Zergling x14  
  195  9:41  Drone  
  195  9:44  Extractor x2  
  195  9:45  Spore Crawler  
  193  9:50  Hatchery  
  193  9:51  Zergling x4  
  199  9:58  Overlord  
  199  10:03  Viper x2  
  199  10:05  Overlord  
  195  10:11  Overlord  
  195  10:17  Zergling x10  
  195  10:19  Baneling  
  195  10:20  Zergling x2, Baneling x23  
  195  10:21  Zergling x2  
  200  10:28  Zergling x12  
  200  10:29  Seismic Spines  
  200  10:30  Zerg Ground Armor Level 3  
  200  10:39  Overlord  
  196  10:47  Zergling x14  
  196  10:51  Zergling x12  
  196  10:55  Zergling x10  
  194  10:57  Baneling x14  
  194  10:58  Zergling x6  
  194  11:00  Zergling x6  
  194  11:02  Zergling x2  
  194  11:03  Zergling x4  
  199  11:05  Zergling x2  
  199  11:08  Zergling x2  
  199  11:11  Zergling x6  
  186  11:12  Zergling x2  
  186  11:17  Hydralisk  
  184  11:23  Zergling x10, Muscular Augments  
  188  11:26  Adaptive Talons  
  188  11:32  Lurker x12  
  200  11:49  Hatchery, Unknown  
  200  11:52  Overlord  
  200  11:53  Spore Crawler x2  
  196  11:58  Zergling x8  
  199  12:08  Drone x9  
  194  12:16  Hydralisk  
  194  12:17  Hydralisk x2  
  194  12:26  Lurker x3  
  197  12:36  Zergling x2  
  197  12:37  Zergling x10  
  200  12:44  Zergling x12  
  199  12:49  Overlord  
  188  12:52  Zergling x22  
  188  12:55  Zergling x2  
  179  13:01  Lurker x3  
  179  13:04  Zergling x18, Hydralisk Den  
  185  13:05  Baneling x10  
  185  13:06  Baneling x8  
  185  13:10  Zergling x2  
  184  13:14  Zergling x2  
  184  13:15  Zergling x8  
  184  13:19  Baneling x4  
  183  13:23  Zergling x6  
  183  13:28  Zergling x8  
  183  13:32  Zergling x8  
  182  13:43  Hydralisk  
  182  13:44  Hydralisk x7  
  183  13:49  Hydralisk x3  
  183  13:53  Hydralisk x2  
  178  13:57  Hydralisk x2  
  178  14:00  Hydralisk x4  
  169  14:04  Hydralisk x2  
  169  14:08  Hydralisk  
  169  14:09  Hydralisk  
  168  14:11  Hydralisk  
  161  14:19  Zergling x6  
  161  14:21  Lurker x11  
  161  14:22  Zergling x4  
  177  14:24  Drone x4  
  177  14:29  Zergling x10  
  177  14:31  Lurker x6  
  192  14:32  Zergling x14  
  192  14:36  Lurker  
  200  14:43  Overlord  
  191  14:54  Zergling x2  
  191  14:55  Zergling x18  
  191  14:56  Zergling x2  
  191  14:58  Zergling x4  
  195  15:02  Zergling x4  
  195  15:04  Zergling x14  
  195  15:05  Zergling x2  
  195  15:13  Spore Crawler, Hydralisk x3  
  188  15:19  Hydralisk x3  
  189  15:23  Hydralisk x2  
  189  15:28  Hydralisk x5  
  184  15:32  Hydralisk  
  184  15:33  Hydralisk  
  190  15:38  Hydralisk x3  
  177  15:46  Drone x5  
  177  15:49  Hydralisk x3  
  163  15:51  Hydralisk, Lurker x8  
  165  16:00  Zergling x16  
  165  16:02  Baneling x8  
  173  16:06  Lurker  
  173  16:07  Zergling x8  
  173  16:09  Drone  
  179  16:15  Zergling x6  
  179  16:16  Baneling x5  
  182  16:19  Zergling x2  
  182  16:22  Zergling x8  
  182  16:24  Zergling x4  
  186  16:26  Zergling x2  
  186  16:27  Zergling x2  
  186  16:30  Zergling x2  
  186  16:31  Zergling x6  
  186  16:32  Zergling x2, Spore Crawler  
  179  16:38  Zergling x6  
  167  16:41  Zergling x10  
  167  16:43  Zergling x2  
  167  16:44  Zergling x2  
  167  16:45  Zergling x4  
Tags
 
Add a new tag
Caveats
  • Supply blocks, unpowered buildings, or Contaminate may cause inaccurate times.
  • Supply counts are checked every 10 seconds.